 Dungeon Crawl Stone Soup version 0.23-a0-57-gd13e5294dc (webtiles) character file.

3717 Htamos the Fighter (level 9, -13/82 HPs)
             Began as a Demigod Fighter on Aug 9, 2018.
             Mangled by a cyan ugly thing (19 damage)
             ... while paralysed
             ... on level 7 of the Dungeon.
             The game lasted 00:13:11 (10079 turns).

Htamos the Fighter (Demigod Fighter)               Turns: 10079, Time: 00:13:11

Health: -13/82     AC: 15    Str: 25    XL:     9   Next: 61%
Magic:  11/11      EV:  2    Int: 12    God:
Gold:   440        SH:  0    Dex: 15    Spells: 8/8 levels left

rFire    . . .     SeeInvis .   a - +1 long sword
rCold    . . .     Gourm    .   c - +0 shield
rNeg     . . .     Faith    .   u - +0 chain mail
rPois    .         Spirit   .   o - +1 helmet
rElec    .         Reflect  .   (no cloak)
rCorr    .         Harm     +   h - +0 pair of gloves
MR       .....                  g - +0 pair of boots
Stlth    ..........             d - amulet of harm
HPRegen  0.23/turn              (no ring)
MPRegen  0.12/turn              (no ring)

@: paralysed, very slightly contaminated, fainting
A: high mp 1
a: no special abilities


You were on level 7 of the Dungeon.
You were fainting.

You visited 1 branch of the dungeon, and saw 7 of its levels.
You also visited: Ossuary.

You collected 440 gold pieces.

Inventory:

Hand Weapons
 a - a +1 long sword (weapon)
Armour
 b - a +0 scale mail
 c - a +0 shield (worn)
 g - a +0 pair of boots (worn)
 h - a +0 pair of gloves (worn)
 o - a +1 helmet (worn)
 u - a +0 chain mail (worn)
Jewellery
 d - an amulet of harm (around neck)
 n - an uncursed amulet of the acrobat
 t - a +1 ring of protection {unknown}
 y - an uncursed ring of ice {unknown}
 B - an uncursed amulet of faith
 D - a +3 ring of evasion {unknown}
Wands
 l - a wand of flame (28)
 x - a wand of enslavement (13)
 E - a wand of polymorph (1)
Scrolls
 e - 5 scrolls of enchant armour
 j - a scroll of blinking
 m - 2 scrolls of remove curse
 q - 2 scrolls of identify
 r - 3 scrolls of magic mapping
 s - 2 scrolls of teleportation
 G - a scroll of fear {unknown}
 H - a scroll of brand weapon {unknown}
Potions
 i - a potion of might
 k - a potion of agility
 p - 2 potions of degeneration
 w - 4 potions of curing
 z - a potion of lignification
 A - 2 potions of cancellation {unknown}
 F - a potion of flight {unknown}
Comestibles
 f - 10 rations
 C - 3 chunks of flesh


   Skills:
 * Level 8.8 Fighting
 + Level 6.0 Long Blades
 + Level 6.4 Armour
 + Level 6.4 Shields


You had 8 spell levels left.
You didn't know any spells.
Your spell library was empty.

Dungeon Overview and Level Annotations

Branches:
Dungeon (7/15)             Temple (0/1) D:5


Innate Abilities, Weirdness & Mutations

You have an increased reservoir of magic. (+10% MP)


Message History

The hound bites you but does no damage. x2
The hound bites you.
* * * LOW HITPOINT WARNING * * *
The hound bites you but does no damage. The troll bites you.
* * * LOW HITPOINT WARNING * * *
The troll claws you but does no damage. The troll claws you.
* * * LOW HITPOINT WARNING * * *
The hound bites you but does no damage. The hound bites you but does no damage.
The troll bites you but does no damage.
The troll claws you but does no damage. x2
The cyan ugly thing stings you but does no damage.
The hound bites you but does no damage. The hungry ghost hits you.
You feel slightly more hungry. The troll bites you but does no damage.
The troll barely misses you. The troll claws you.
* * * LOW HITPOINT WARNING * * *
A hound comes into view.
The hound barely misses you. The cyan ugly thing stings you.
* * * LOW HITPOINT WARNING * * *
The cyan ugly thing shocks you!
You die...

###+###......#.#......#.##
#......#.#.#.#.#....#...
#########.#.#......u.......
#.......#.#.#......h.......
#.####.##.#.#.#.#..#.....##
#.....#.#...##.W...###.
##.####Y#.##......##..#
#.###.....hW##......###..##
#...[.....@T..>...### . #u
#####......u....### #T
#..##.....###.. #h
#..#....###..# #.
#..##...h..# #.
#.......###..# #.
#.###.....### #. #.
#...#...### #.
#<..###...###


You could see a cyan ugly thing, a troll, a hungry ghost, an ice beast and 2
hounds.

Vanquished Creatures
  A hippogriff (D:3)
  Grinder (D:4)
  A wraith (Ossuary)
  A human (D:7)
  Duvessa (D:6)
  A sky beast (D:6)
  3 phantoms
  A black bear (D:6)
  An ice beast (D:7)
  2 ogres
  2 centaurs
  An elf zombie (Ossuary)
  A gnoll sergeant (D:6)
  Blork the orc (D:5)
  3 bullfrogs
  A scorpion (D:5)
  Dowan (D:6)
  4 wights (D:6)
  2 centaur zombies (D:4)
  A crimson imp (D:7)
  A hound (D:4)
  A bullfrog zombie (D:5)
  9 orc wizards
  A jelly (D:6)
  A quasit (D:5)
  2 bullfrog skeletons (D:4)
  5 orc priests
  A centaur skeleton (D:7)
  2 iguanas
  Ijyb (D:4)
  Natasha (thrice) (D:2)
  6 worker ants
  A hound zombie (D:4)
  4 mummies
  3 hound skeletons
  5 worker ant zombies
  Robin (D:1)
  9 gnolls
  6 adders
  A howler monkey skeleton (D:4)
  A shadow imp (D:7)
  An ooze (D:3)
  4 adder skeletons (D:4)
  3 adder zombies
  3 worms
  2 dart slugs
  A leopard gecko (D:7)
  17 orcs
  11 bats
  3 giant cockroaches
  20 goblins
  6 hobgoblins
  12 jackals
  9 kobolds
  3 quokkas
  A ball python (D:3)
  3 frilled lizards
  3 goblin zombies (Ossuary)
  3 hobgoblin zombies (Ossuary)
  2 jackal zombies (D:4)
  4 kobold zombies (Ossuary)
  2 leopard gecko zombies (D:4)
  3 quokka zombies (D:4)
  9 rats
219 creatures vanquished.

Notes
Turn   | Place    | Note
-------+----------+-------------------------------------------
     0 | D:1      | Htamos the Demigod Fighter began the quest for the Orb.
     0 | D:1      | Reached XP level 1. HP: 18/18 MP: 3/3
   302 | D:1      | Reached XP level 2. HP: 20/25 MP: 4/4
   308 | D:1      | Reached skill level 3 in Fighting
   715 | D:1      | Reached XP level 3. HP: 12/31 MP: 5/5
  1108 | D:2      | Noticed Natasha
  1117 | D:2      | Killed Natasha
  1367 | D:2      | Noticed Natasha
  1375 | D:2      | Killed Natasha
  1375 | D:2      | Reached XP level 4. HP: 28/40 MP: 6/6
  1384 | D:2      | Noticed Robin
  1705 | D:1      | Killed Robin
  2229 | D:1      | Reached skill level 4 in Fighting
  2229 | D:1      | Reached XP level 5. HP: 43/46 MP: 7/7
  2287 | D:2      | Noticed Natasha
  2296 | D:2      | Killed Natasha
  3153 | D:3      | Noticed a hippogriff
  3164 | D:3      | Killed a hippogriff
  3164 | D:3      | Reached XP level 6. HP: 20/55 MP: 8/8
  3933 | D:4      | Reached skill level 5 in Fighting
  4039 | D:4      | Reached XP level 7. HP: 45/61 MP: 9/9
  4505 | D:4      | Noticed Grinder
  4509 | D:4      | Paralysed by Grinder for 2 turns
  4551 | D:4      | Paralysed by Grinder for 2 turns
  4561 | D:4      | Killed Grinder
  4960 | D:4      | Found a shadowy altar of Dithmenos.
  4960 | D:4      | Noticed Ijyb
  4968 | D:4      | Killed Ijyb
  4968 | D:4      | Reached skill level 6 in Fighting
  5580 | D:5      | Entered Level 5 of the Dungeon
  5592 | D:5      | Reached XP level 8. HP: 71/71 MP: 10/10
  5645 | D:5      | Noticed Blork the orc
  5655 | D:5      | Killed Blork the orc
  5688 | D:5      | Reached skill level 5 in Armour
  5706 | D:5      | Found a sand-covered staircase.
  5711 | D:5      | Reached skill level 5 in Shields
  5716 | Ossuary  | Entered an ossuary
  6484 | D:5      | Reached skill level 7 in Fighting
  7035 | D:5      | Found a blossoming altar of Fedhas.
  7148 | D:5      | Found a staircase to the Ecumenical Temple.
  7164 | D:5      | Reached skill level 5 in Long Blades
  7969 | D:6      | Reached XP level 9. HP: 69/80 MP: 11/11
  8473 | D:6      | Noticed Dowan
  8474 | D:6      | Noticed Duvessa
  8483 | D:6      | Killed Dowan
  8483 | D:6      | Reached skill level 8 in Fighting
  8495 | D:6      | Killed Duvessa
 10005 | D:7      | Noticed a brown ugly thing
 10005 | D:7      | Noticed a red ugly thing
 10073 | D:7      | Paralysed by fainting for 12 turns
 10079 | D:7      | Mangled by a cyan ugly thing

Vault maps used:
D:1:      dpeg_arrival_signposts
D:2:      uniq_robin, uniq_natasha
D:4:      nicolae_dithmenos_through_a_glass_darkly, serial_undead,
          serial_undead_f, serial_undead_f, serial_undead_b, serial_undead_c,
          serial_undead_a, serial_undead_a, serial_undead_f, serial_undead_c,
          serial_undead_f, serial_undead_d, first_ration, uniq_grinder,
          uniq_ijyb
D:5:      kennysheep_mini, minmay_temple_entry_nine_rooms,
          gup_ossuary_entry_pyramid, uniq_blork_the_orc
D:6:      uniq_duvessa
D:7:      minmay_the_grid_triangle_9x9_recursive_2, grunt_ogre_cave,
          kennysheep_generic_room_4
Ossuary:  ossuary_kennysheep_city_of_the_dead

Skill      XL: |  1  2  3  4  5  6  7  8  9 |
---------------+----------------------------+-----
Long Blades    | 2 3 4 5 6 |  6.0
Fighting       | 3 4 5 6 7 8 |  8.8
Shields        | 3 4 5 6 |  6.4
Armour         | 3 4 5 6 |  6.4

Action                   |  1- 3 |  4- 6 |  7- 9 || total
-------------------------+-------+-------+-------++-------
Melee: Long sword        |   149 |   224 |   663 ||  1036
Evoke: Wand              |       |       |    15 ||    15
  Use: Potion            |       |     5 |     2 ||     7
       Scroll            |       |     1 |    14 ||    15
  Eat: Chunk             |     2 |     9 |    14 ||    25
       Ration            |       |       |     2 ||     2
Armor: Scale mail        |   101 |    68 |       ||   169
       Chain mail        |       |    57 |   395 ||   452
Dodge: Dodged            |    63 |    72 |   146 ||   281
Block: Shield            |   130 |   171 |   364 ||   665
       Rpst.: Long sword |    15 |    22 |    36 ||    73

Table legend:
 A = Spawn XP
 B = Non-spawn XP
 C = Spawn XP percentage of total XP
 D = Spawn monster count
 E = Non-spawn monster count
 F = Spawn count percentage of total count
 G = Total turns spent on level
                    A         B        C        D         E        F      G
               +---------+---------+-------+---------+---------+-------+---------
         Total |       0 |    5311 |   0.0 |       0 |     218 |   0.0 | 10079
               +---------+---------+-------+---------+---------+-------+---------
           D:1 |       0 |      88 |   0.0 |       0 |      36 |   0.0 |  1639
           D:2 |       0 |     216 |   0.0 |       0 |      31 |   0.0 |  1091
           D:3 |       0 |     291 |   0.0 |       0 |      18 |   0.0 |  1065
           D:4 |       0 |    1053 |   0.0 |       0 |      46 |   0.0 |  1785
           D:5 |       0 |     802 |   0.0 |       0 |      21 |   0.0 |  1221
           D:6 |       0 |    1707 |   0.0 |       0 |      37 |   0.0 |  1912
           D:7 |       0 |     779 |   0.0 |       0 |      15 |   0.0 |   630
       Ossuary |       0 |     375 |   0.0 |       0 |      14 |   0.0 |   736
               +---------+---------+-------+---------+---------+-------+---------
